 Dungeon Crawl Stone Soup version 0.31-a0-854-g362426d53f (webtiles) character file.

Game seed: 1880015944696498307

72482 Getoffmy the Thaumaturge (level 15, -12/105 HPs)
             Began as a Demonspawn Ice Elementalist on Oct 8, 2023.
             Was a High Priest of Vehumet.
             Mangled by a rockslime (25 damage)
             ... on level 5 of the Lair of Beasts.
             The game lasted 01:45:06 (26106 turns).

Getoffmy the Thaumaturge (DsIE)                    Turns: 26106, Time: 01:45:08

Health: -12/105    AC: 14    Str:  9    XL:     15   Next: 1%
Magic:  8/31       EV: 17    Int: 29    God:    Vehumet [*****.]
Gold:   810        SH:  0    Dex: 11    Spells: 4/38 levels left

rFire   . . .        h - staff of cold
rCold   + . .        (no shield)
rNeg    . . .        R - +2 steam dragon scales
rPois   +            u - +0 helmet
rElec   .            S - +2 cloak {rPois}
rCorr   +            x - +0 pair of gloves
SInv    +            (boots unavailable)
Will    +....        U - amulet "Cuyrak" {RegenMP Harm rCorr Int+7 Dex-4}
Stlth   +++          K - ring of wizardry
HPRegen 0.37/turn    M - ring "Quxiloufy" {rPois SInv Stlth+}
MPRegen 0.62/turn

%: harm (+30% outgoing, +20% incoming), wizardry (x1)
@: agile
A: hooves 3, foul stench 2, powered by pain 2, sharp scales 2
a: Renounce Religion


You were on level 5 of the Lair of Beasts.
You worshipped Vehumet.
Vehumet was extremely pleased with you.
You visited 3 branches of the dungeon, and saw 18 of its levels.
You also visited: Sewer, Gauntlet and Volcano.

You collected 1464 gold pieces.
You spent 654 gold pieces at shops.

Inventory:

Hand Weapons
 y - the +7 dagger "Upsall" {freeze, Stlth+}
   (You found it on level 10 of the Dungeon)

   Stlth+:    It makes you more stealthy.
 I - a +7 dagger
 X - a +1 hand cannon of flaming
Missiles
 v - 5 silver javelins
 P - 16 javelins
Armour
 u - a +0 helmet (worn)
 x - a +0 pair of gloves (worn)
 R - +2 steam dragon scales (worn)
 S - a +2 cloak of poison resistance (worn)
Magical Staves
 h - a staff of cold (weapon)
 s - a staff of air
Jewellery
 a - a ring of flight
 f - a +5 ring of evasion
 i - a ring of wizardry
 K - a ring of wizardry (left hand)
 M - the ring "Quxiloufy" (right hand) {rPois SInv Stlth+}
   (You found it on level 7 of the Dungeon)

   [ring of see invisible]

   rPois:     It protects you from poison SInv: It lets you see invisible.
   Stlth+:    It makes you more stealthy.
 N - a ring of protection from fire
 Q - a ring of willpower
 U - the amulet "Cuyrak" (around neck) {RegenMP Harm rCorr Int+7 Dex-4}
   (You found it in a Gauntlet)

   [amulet of magic regeneration]

   RegenMP:   It increases your rate of magic regeneration.
   Int+7:     It affects your intelligence (+7).
   Dex-4:     It affects your dexterity (-4).
   rCorr:     It protects you from acid and corrosion.
   Harm:      It increases damage dealt and taken.
Wands
 e - a wand of mindburst (12)
 n - a wand of paralysis (25)
 q - a wand of flame (51)
 G - a wand of roots (15)
Scrolls
 c - 3 scrolls of fear
 d - 6 scrolls of fog
 g - 4 scrolls of vulnerability
 l - 10 scrolls of teleportation
 t - 4 scrolls of poison
 w - a scroll of torment
 D - 3 scrolls of identify
 J - 3 scrolls of silence
 L - 3 scrolls of revelation
 T - a scroll of immolation
 Z - a scroll of enchant weapon
Potions
 b - 3 potions of berserk rage
 m - 4 potions of mutation
 o - 8 potions of curing
 p - 3 potions of brilliance
 r - 3 potions of ambrosia
 z - 4 potions of heal wounds
 A - 4 potions of cancellation
 B - 2 potions of invisibility
 C - 4 potions of haste
 E - 2 potions of attraction
 H - 4 potions of might
 O - 2 potions of lignification
 W - a potion of resistance
Miscellaneous
 F - a phial of floods
 V - a tin of tremorstones (2/2)


   Skills:
 - Level 6.2 Fighting
 - Level 1.7 Dodging
 - Level 1.7 Stealth
 * Level 12.2 Spellcasting
 - Level 12.0 Conjurations
 + Level 8.1 Fire Magic
 - Level 10.0 Ice Magic
 - Level 10.0 Air Magic
 + Level 9.4 Earth Magic


You had 4 spell levels left.
You knew the following spells:

 Your Spells              Type           Power      Damage    Failure   Level
a - Freeze                Ice            100%       1d10      1%          1
b - Frozen Ramparts       Ice            100%       1d16      1%          3
c - Ozocubu's Armour      Ice            85%        N/A       1%          3
e - Shock                 Conj/Air       100%       1d9       1%          1
f - Hailstorm             Conj/Ice       89%        3d18      1%          3
g - Airstrike             Air            33%        2d(5-21)  1%          4
h - Freezing Cloud        Conj/Ice/Air   44%        6-21      1%          5
i - Starburst             Conj/Fire      33%        6d10      1%          6
j - Lehudib's Crystal Sp  Conj/Erth      34%        10d9      24%         8

Your spell library contained the following spells:

 Spells                   Type           Power      Damage    Failure   Level
 Orb of Destruction       Conj           36%        9d11      2%          7
 Magic Dart               Conj           100%       1d8       0%          1
 Apportation              Tloc           34%        N/A       1%          1
 Sandblast                Erth           100%       2d20      1%          1
 Blink                    Tloc           34%        N/A       1%          2
 Call Imp                 Summ           34%        N/A       1%          2
 Jinxbite                 Hex            34%        N/A       1%          2
 Passwall                 Tmut/Erth      37%        N/A       1%          2
 Searing Ray              Conj           100%       2d8       1%          2
 Sublimation of Blood     Necr           17%        N/A       1%          2
 Dazzling Flash           Conj/Hex       100%       N/A       1%          3
 Ignite Poison            Fire/Tmut/Pois 33%        N/A       1%          3
 Mephitic Cloud           Conj/Pois/Air  57%        N/A       1%          3
 Stone Arrow              Conj/Erth      100%       3d13      1%          3
 Volatile Blastmotes      Fire/Tloc      82%        2d16      1%          3
 Animate Armour           Summ/Erth      90%        N/A       1%          4
 Brom's Barrelling Bould  Conj/Erth      68%        2d8       1%          4
 Fulminant Prism          Conj/Hex       25%        3d14      1%          4
 Iskenderun's Mystic Bla  Conj/Tloc      51%        2d11      1%          4
 Petrify                  Tmut/Erth      45%        N/A       1%          4
 Sticky Flame             Conj/Fire      66%        2d8       1%          4
 Summon Ice Beast         Ice/Summ       63%        N/A       1%          4
 Manifold Assault         Tloc           17%        N/A       12%         4
 Irradiate                Conj/Tmut      25%        3d20      1%          5
 Conjure Ball Lightning   Conj/Air       34%        3x3d11    1%          6
 Metabolic Englaciation   Hex/Ice        31%        N/A       4%          5
 Silence                  Hex/Air        23%        N/A       4%          5
 Simulacrum               Ice/Necr       31%        N/A       24%         6
 Maxwell's Capacitive Co  Air            33%        ∞         30%         8
 Agony                    Necr           17%        N/A       32%         5
 Alistair's Intoxication  Tmut/Pois      11%        N/A       32%         5
 Ignition                 Fire           30%        3d10      52%         8
 Haunt                    Necr/Summ      8%         N/A       100%        7
 Borgnjor's Revivificati  Necr           8%         N/A       100%        8
 Discord                  Hex            8%         N/A       100%        8
 Disjunction              Tloc           8%         N/A       100%        8
 Death's Door             Necr           8%         N/A       100%        9


Dungeon Overview and Level Annotations

Branches:
Dungeon (12/15)            Temple (1/1) D:5            Lair (5/5) D:11
 Shoals (0/4) Lair:3        Snake (0/4) Lair:3        Slime (0/5) Lair:4
  Sewer (visited)         Volcano (visited)         Gauntlet (visited)
    Orc: D:9-12

Altars:
Ashenzari
Cheibriados
Dithmenos
Fedhas
Gozag
Hepliaklqana
Kikubaaqudgha
Makhleb
Nemelex Xobeh
Okawaru
Qazlal
Ru
Sif Muna
Trog
Uskayaw
Vehumet
Wu Jian
Xom
Yredelemnul
Jiyva

Shops:
D:3 =   D:6 [   D:8 *

Annotations:
Temple 2 transporters


Innate Abilities, Weirdness & Mutations

You have hooves in place of feet.
You sometimes emit foul miasma when damaged in melee.
You sometimes gain power by taking damage.
You are mostly covered in razor-sharp scales. (AC +2, Slay +2)


Message History

Casting: Freezing Cloud (safe; 1% risk of failure)
Confirm with . or Enter, or press ? or * to list all spells.
Aiming: Freezing Cloud (safe; 1% risk of failure)
Press: ? - help, Dir - move target You feel a surge of power!
You are engulfed in freezing vapours.
You resist.
The rockslime is engulfed in freezing vapours.
The azure jelly misses you. x2
The azure jelly hits you but does no damage. x2
The rockslime is engulfed in freezing vapours.
The azure jelly is engulfed in freezing vapours.
The azure jelly hits you. The azure jelly freezes you!! You resist.
The azure jelly barely misses you.
The azure jelly hits you but does no damage.
The azure jelly hits you.
Casting: Freezing Cloud (safe; 1% risk of failure)
Confirm with . or Enter, or press ? or * to list all spells.
Aiming: Airstrike (safe; 1% risk of failure)
Press: ? - help, Dir - move target The spell fizzles.
The azure jelly is engulfed in freezing vapours.
The azure jelly hits you. The azure jelly freezes you! You resist.
The azure jelly hits you but does no damage. x2
The azure jelly hits you.
Casting: Airstrike (safe; 1% risk of failure)
Confirm with . or Enter, or press ? or * to list all spells.
Aiming: Airstrike (safe; 1% risk of failure)
Press: ? - help, Dir - move target, f - rockslime
Aim: a rockslime (freezing vapour, moderately wounded, empty space bonus: 6/8)
The air twists around and strikes the rockslime!
The rockslime is moderately wounded.
The azure jelly is engulfed in freezing vapours.
The azure jelly hits you! The azure jelly freezes you!! You resist.
* * * LOW HITPOINT WARNING * * *
You focus on the pain.
You feel agile all of a sudden.
The azure jelly barely misses you. x2; The azure jelly hits you.
* * * LOW HITPOINT WARNING * * *
The rockslime hits you!!
You die...

#.P....#.##........#.P.....#...#
#..#..########....#.......####.#
.#....# ##....####...## ###
......# #.....# #.....# .##...#
###...# ####### .##...# #....#
...J. ### ###...# ##...#
...._##J# ###...########...####
#..J.JJJ#
.#.#....##.#....@#..##...J.#JJ##
.........§...§§JJ....#######...#
..........§§§§§§.............<.#
.........§§§§§§§..#.#......#####
.........§§§§§§§...###...#.#
............§§§....###...###
...................##.#..#
.[................P###...####
..........................#.#####


You could see an azure jelly and a rockslime.

Vanquished Creatures
  A rockslime (Lair:5)
  An azure jelly (Lair:5)
  A quicksilver ooze (Lair:4)
  A minotaur (Gauntlet)
  Snorg (D:10)
  A fire dragon (Volcano)
  2 hydras
  The ghost of Zvl3 the Cleaver, a novice HOMo of the Shining One (Lair:1)
  2 catoblepae
  2 centaur warriors (D:10)
  A boulder beetle (Lair:2)
  20 death yaks
  Urug (D:10)
  2 tengu warriors (D:10)
  Sonja (D:11)
  2 skysharks (Lair:5)
  4 skeletal warriors (D:11)
  A bog body (Lair:3)
  4 lindwurms (Volcano)
  A wizard (D:9)
  A deep elf pyromancer (D:10)
  An oklob plant (Lair:2)
  A manticore (D:10)
  10 elephants
  8 black mambas
  A molten gargoyle (Gauntlet)
  3 smoke demons (Volcano)
  3 gargoyles
  An unseen horror (D:11)
  2 torpor snails
  17 komodo dragons
  4 rime drakes
  7 cane toads
  A freezing wraith (Lair:3)
  The ghost of gribnar the Insei, a novice OpSh of Gozag (D:5)
  An ice devil (Lair:3)
  A queen bee (Lair:1)
  7 polar bears
  6 hornets
  3 trolls
  14 dream sheep
  5 blink frogs (Lair:4)
  11 spriggans (Lair:5)
  2 slime creatures
  A shadow (D:10)
  2 wyverns (D:11)
  20 yaks
  3 basilisks
  2 swamp worms (Gauntlet)
  5 nagas (Lair:3)
  Edmund (D:4)
  5 steam dragons
  15 water moccasins
  Duvessa (D:4)
  3 hell hounds (Volcano)
  3 orc warriors
  6 black bears
  3 ice beasts
  An ogre (D:7)
  4 boggarts (Lair:5)
  28 wolves
  12 centaurs
  4 kobold brigands
  14 bullfrogs
  A cane toad simulacrum (Lair:3)
  A gnoll sergeant (D:7)
  A two-headed ogre simulacrum (Lair:3)
  A scorpion (D:7)
  14 wights (D:6)
  Dowan (D:4)
  8 killer bees
  4 howler monkeys
  A crimson imp (D:9)
  A hound (D:6)
  12 jellies
  8 orc priests
  4 iguanas
  7 hell rats (Lair:1)
  7 orc wizards
  Terence (D:3)
  2 troll simulacra (Lair:3)
  Robin (D:3)
  14 adders
  8 gnolls
  10 river rats
  A shadow imp (D:6)
  3 white imps
  3 ufetubi
  8 worms
  A dart slug (D:1)
  30 orcs
  12 endoplasms
  3 giant cockroaches
  10 goblins
  8 hobgoblins
  3 quokkas
  8 ball pythons
  3 bats (D:3)
  3 frilled lizards
  15 kobolds
  9 rats
521 creatures vanquished.

Vanquished Creatures (others)
  An orc wizard (D:6)
1 creature vanquished.

Grand Total: 522 creatures vanquished

Notes
Turn   | Place    | Note
-------+----------+-------------------------------------------
     0 | D:1      | Getoffmy the Demonspawn Ice Elementalist began the quest
                  | for the Orb.
     0 | D:1      | Reached XP level 1. HP: 13/13 MP: 3/3
   311 | D:1      | Gained mutation: You sometimes gain a little power by
                  | taking damage. [demonic ancestry]
   311 | D:1      | Reached XP level 2. HP: 14/19 MP: 0/5
   990 | D:2      | Gained mutation: You have large cloven feet. [demonic
                  | ancestry]
   990 | D:2      | Reached XP level 3. HP: 24/24 MP: 2/6
  1851 | D:2      | Reached XP level 4. HP: 30/30 MP: 8/8
  2100 | D:3      | Found Awkuiq's Jewellery Boutique.
  2267 | D:3      | Reached skill level 5 in Ice Magic
  2386 | D:3      | Noticed Robin
  2424 | D:3      | Killed Robin
  2638 | D:3      | Noticed Terence
  2653 | D:3      | Killed Terence
  2654 | D:3      | Gained mutation: You may rarely emit foul miasma when
                  | damaged in melee. [demonic ancestry]
  2654 | D:3      | Reached XP level 5. HP: 33/35 MP: 5/9
  2753 | D:3      | Learned a level 3 spell: Frozen Ramparts
  2757 | D:3      | Learned a level 3 spell: Ozocubu's Armour
  2761 | D:3      | Learned a level 3 spell: Dazzling Flash
  3040 | D:3      | Reached skill level 1 in Conjurations
  3476 | D:4      | Noticed Edmund
  3499 | D:4      | Killed Edmund
  3500 | D:4      | Gained mutation: You are partially covered in razor-sharp
                  | scales. (AC +1, Slay +1) [demonic ancestry]
  3500 | D:4      | Reached XP level 6. HP: 29/41 MP: 2/11
  3769 | D:4      | Found a sparkling altar of Nemelex Xobeh.
  3925 | D:4      | Noticed Duvessa
  3932 | D:4      | Noticed Dowan
  3949 | D:4      | Killed Duvessa
  3950 | D:4      | Gained mutation: You sometimes emit foul miasma when
                  | damaged in melee. [demonic ancestry]
  3950 | D:4      | Reached XP level 7. HP: 32/46 MP: 8/13
  3951 | D:4      | Killed Dowan
  4083 | D:5      | Entered Level 5 of the Dungeon
  4119 | D:5      | Identified a scroll of acquirement
  4119 | D:5      | Acquired a staff of cold
  4397 | D:5      | Found a staircase to the Ecumenical Temple.
  4634 | D:5      | Found a runed translucent door.
  4885 | D:5      | Noticed gribnar's ghost (novice OpSh)
  4895 | D:5      | Killed gribnar's ghost
  4896 | D:5      | Gained mutation: You sometimes gain power by taking damage.
                  | [demonic ancestry]
  4896 | D:5      | Reached XP level 8. HP: 46/52 MP: 3/15
  5019 | Temple   | Found a transporter.
  5019 | Temple   | Found a transporter.
  5019 | Temple   | Found a transporter.
  5019 | Temple   | Found a transporter.
  5019 | Temple   | Entered the Ecumenical Temple
  5037 | Temple   | Became a worshipper of Vehumet
  5063 | D:6      | Reached skill level 5 in Spellcasting
  5342 | D:6      | Found a glowing drain.
  5364 | Sewer    | Entered a sewer
  6435 | D:6      | Found Orunuij's Antique Armour Shop.
  6443 | D:6      | Bought an embroidered robe for 99 gold pieces
  6519 | D:6      | Reached skill level 5 in Conjurations
  6738 | D:6      | Reached * piety under Vehumet
  6738 | D:6      | Offered knowledge of Shock by Vehumet.
  6739 | D:6      | Reached XP level 9. HP: 46/57 MP: 13/17
  6741 | D:6      | Learned a level 1 spell: Shock
  8053 | D:7      | Upgraded the game from 0.31-a0-851-g7ff8af7976 to
                  | 0.31-a0-854-g362426d53f
  8215 | D:7      | Found Ciruogib's Magic Scroll Shop.
  8342 | D:7      | Identified the ring "Quxiloufy" {rPois SInv Stlth+}
  8548 | D:7      | Reached skill level 10 in Ice Magic
  8749 | D:7      | Reached skill level 1 in Air Magic
  9034 | D:8      | Offered knowledge of Static Discharge by Vehumet.
  9036 | D:8      | Reached ** piety under Vehumet
  9039 | D:8      | Reached XP level 10. HP: 63/63 MP: 10/20
  9250 | D:8      | Found a burning altar of Makhleb.
  9462 | D:8      | Found Desyifan's Assorted Antiques.
  9664 | D:8      | Bought an embroidered cloak for 225 gold pieces
 10238 | D:9      | Noticed a wizard
 10250 | D:9      | Killed a wizard
 10352 | D:9      | Found a sacrificial altar of Ru.
 10841 | D:10     | Entered Level 10 of the Dungeon
 10975 | D:10     | Noticed a tengu warrior
 10975 | D:10     | Noticed a manticore
 10975 | D:10     | Noticed a centaur warrior
 10975 | D:10     | Noticed a tengu warrior
 10975 | D:10     | Noticed a centaur warrior
 10975 | D:10     | Noticed a deep elf pyromancer
 11093 | D:10     | Reached skill level 5 in Air Magic
 11173 | D:10     | Noticed Urug
 11199 | D:10     | Killed Urug
 11510 | D:10     | Noticed Snorg
 11515 | D:10     | Offered knowledge of Hailstorm by Vehumet.
 11527 | D:10     | Killed Snorg
 11666 | D:10     | Learned a level 3 spell: Hailstorm
 11720 | D:10     | Identified the +0 pair of boots of Greater Demons {rElec
                  | rPois rN+ Str-2}
 11753 | D:10     | Noticed a gargoyle
 11760 | D:10     | Killed a gargoyle
 11761 | D:10     | Gained mutation: You are mostly covered in razor-sharp
                  | scales. (AC +2, Slay +2) [demonic ancestry]
 11761 | D:10     | Reached XP level 11. HP: 68/68 MP: 18/23
 11852 | D:10     | Killed a centaur warrior
 11852 | D:10     | Reached *** piety under Vehumet
 11914 | D:10     | Killed a tengu warrior
 11935 | D:10     | Killed a deep elf pyromancer
 12034 | D:10     | Killed a centaur warrior
 12103 | D:10     | Killed a tengu warrior
 12210 | D:10     | Identified the +7 dagger "Upsall" {freeze, Stlth+}
 12378 | D:11     | Offered knowledge of Airstrike by Vehumet.
 12379 | D:11     | Noticed Sonja
 12562 | D:11     | Killed Sonja
 12592 | D:11     | Noticed a skeletal warrior
 12595 | D:11     | Noticed a skeletal warrior
 12596 | D:11     | Noticed a skeletal warrior
 12596 | D:11     | Noticed a skeletal warrior
 12756 | D:11     | Found a gate leading to a gauntlet.
 12764 | Gauntlet | Entered a Gauntlet
 12764 | Gauntlet | Found a transporter.
 12764 | Gauntlet | Found a transporter.
 12766 | Gauntlet | Found a transporter.
 12786 | Gauntlet | Found a transporter.
 12789 | Gauntlet | Found a transporter.
 12797 | Gauntlet | Found a transporter.
 12803 | Gauntlet | Found a transporter.
 12811 | Gauntlet | Found a transporter.
 12812 | Gauntlet | Noticed a catoblepas
 12829 | Gauntlet | Found a transporter.
 12836 | Gauntlet | Noticed a reaper
 12846 | Gauntlet | Found a transporter.
 12849 | Gauntlet | Found a transporter.
 12859 | Gauntlet | Found a transporter.
 13033 | Gauntlet | Identified the amulet "Cuyrak" {RegenMP Harm rCorr Int+7
                  | Dex-4}
 13491 | Gauntlet | Killed a catoblepas
 13495 | Gauntlet | Gained mutation: You have hoof-like feet. [demonic
                  | ancestry]
 13495 | Gauntlet | Reached XP level 12. HP: 70/74 MP: 9/25
 13511 | Gauntlet | Identified the ring "Etsysat" {*Corrode rC+ rN+ Str+6
                  | Dex-4}
 13589 | Gauntlet | Noticed a minotaur
 13603 | Gauntlet | Killed a minotaur
 13806 | D:11     | Learned a level 4 spell: Airstrike
 13981 | D:11     | HP: 3/74 [skeletal warrior/+0 war axe (15)]
 14510 | D:11     | Reached skill level 1 in Fighting
 15010 | D:11     | Found a staircase to the Lair.
 15093 | Lair:1   | Entered Level 1 of the Lair of Beasts
 15106 | Lair:1   | Reached skill level 10 in Conjurations
 15106 | Lair:1   | Reached skill level 10 in Air Magic
 15287 | Lair:1   | Reached **** piety under Vehumet
 15328 | Lair:1   | Reached skill level 10 in Spellcasting
 15369 | Lair:1   | Offered knowledge of Freezing Cloud by Vehumet.
 15805 | Lair:1   | Found a transporter.
 15887 | Lair:1   | Found a transporter.
 16070 | Lair:1   | Noticed Zvl3's ghost (novice HOMo)
 17095 | Lair:1   | Killed Zvl3's ghost
 17584 | Lair:2   | Reached skill level 5 in Fighting
 17586 | Lair:2   | Noticed a six-headed hydra
 17601 | Lair:2   | Killed a six-headed hydra
 17604 | Lair:2   | Noticed a boulder beetle
 17632 | Lair:2   | Killed a boulder beetle
 17633 | Lair:2   | Gained mutation: You have hooves in place of feet. [demonic
                  | ancestry]
 17633 | Lair:2   | Reached XP level 13. HP: 24/92 MP: 21/27
 19043 | Lair:3   | Found a staircase to the Shoals.
 19402 | D:3      | Bought a ring of wizardry for 330 gold pieces
 19706 | Lair:3   | Learned a level 5 spell: Freezing Cloud
 19713 | Lair:3   | Learned a level 6 spell: Starburst
 19810 | Lair:2   | Reached skill level 1 in Fire Magic
 20178 | Lair:3   | Reached ***** piety under Vehumet
 20187 | Lair:3   | Offered knowledge of Iskenderun's Mystic Blast by Vehumet.
 20201 | Lair:3   | Found a staircase to the Snake Pit.
 20572 | Lair:3   | Reached skill level 5 in Fire Magic
 21268 | Lair:4   | Found a dark tunnel.
 21273 | Volcano  | Entered a volcano
 21424 | Volcano  | Reached XP level 14. HP: 68/100 MP: 23/29
 22120 | Lair:4   | Learned a level 8 spell: Lehudib's Crystal Spear
 22231 | Lair:4   | Found a staircase to the Slime Pits.
 22232 | Lair:4   | Found a viscous altar of Jiyva.
 22288 | Lair:4   | You fall into a shaft and drop 1 floor!
 22288 | Lair:5   | Entered Level 5 of the Lair of Beasts
 22295 | Lair:5   | Reached skill level 1 in Earth Magic
 23270 | Lair:5   | Reached skill level 5 in Earth Magic
 23802 | Lair:5   | Identified the amulet of Hojiynam {Spirit rPois rN+ SInv}
 23961 | Lair:5   | Offered knowledge of Orb of Destruction by Vehumet.
 25152 | Lair:5   | Found a viscous altar of Jiyva.
 25153 | Lair:5   | Noticed an azure jelly
 25153 | Lair:5   | Noticed an azure jelly
 25153 | Lair:5   | Noticed a quicksilver ooze
 25153 | Lair:5   | Noticed a rockslime
 25155 | Lair:5   | Noticed a rockslime
 25164 | Lair:4   | HP: 3/100 [quicksilver ooze (7)]
 25168 | Lair:4   | Killed a quicksilver ooze
 25765 | Lair:5   | Killed a rockslime
 25826 | Lair:5   | Killed an azure jelly
 25827 | Lair:5   | Reached XP level 15. HP: 105/105 MP: 17/31
 26106 | Lair:5   | Mangled by a rockslime

Illustrated notes

Levels and vault maps discovered:
D:1:      reono_arrival_forest_river, layout_loops_ring,
          minmay_misc_feat_columns
D:2:      layout_basic, serial_forest, infiniplex_forest_clump_small,
          infiniplex_forest_lined_2, infiniplex_forest_lined_corner,
          infiniplex_forest_clump_medium, infiniplex_forest_diagonal
D:3:      layout_loops_ring, serial_shops, shop, uniq_terence, uniq_robin
D:4:      layout_rooms, nemelex_xobeh_ov_fountains_minmay, uniq_edmund,
          uniq_duvessa
D:5:      layout_cave_pools, minmay_temple_entry_drinking_statues,
          ebering_ghost_reflecting_pool
D:6:      minmay_chambers_of_threes, layout_basic, serial_shops, shop,
          portal_sewer_entry_d, minmay_misc_feat_encased
D:7:      layout_basic, serial_shops, nicolae_stop_n_shop_2, patterned_corridor
D:8:      layout_basic, lemuel_crystal_altar, serial_shops,
          nicolae_shop_waterfront, grunt_decor_fettered
D:9:      layout_grid_maze, nicolae_ru_sacrificial_ziggurat,
          lightli_wizard_tower
D:10:     minmay_the_grid_triangle_9x9_rhombus_thin
          [minmay_the_grid_triangle_9x9_shrine,
          minmay_the_grid_triangle_9x9_prize_top_heavy,
          minmay_the_grid_triangle_9x9_descending_squares,
          minmay_the_grid_triangle_9x9_zippers_horizontal], layout_rooms,
          uniq_snorg, uniq_urug
D:11:     layout_layer_cave, minmay_lair_entry_grove, gauntlet_entry_generic,
          uniq_sonja
D:12:     layout_roguey, erik_orc_1
Temple:   hellmonk_temple_divided_pantheon
Lair:1:   layout_gridlike, gammafunk_ghost_hive, kennysheep_abandoned_house
Lair:2:   nzn_winding_woodlands_small [nzn_winding_woodlands_5x15_zeroes,
          nzn_winding_woodlands_center_triple_pond,
          nzn_winding_woodlands_5x15_pockets], layout_cave_pods,
          grunt_forest_stairs_basic, serial_bayou_shore_b
Lair:3:   dreamdust_isle_of_ice, layout_cave_pods, minmay_shoals_entry_centaurs,
          minmay_snake_entry_guardpost_medium, beast_lair_carwin_8,
          serial_bayou_shore_a
Lair:4:   layout_gridlike, slime_entry_1, enter_volcano_4, grunt_megastairs_1,
          serial_bayou_shore_b
Lair:5:   minmay_lair_end_enchanted_forest, layout_small_grid, special_room
          [special_room_jelly], st_stairs_11

Skill      XL: |  1  2  3  4  5  6  7  8  9 10 11 12 13 14 |
---------------+-------------------------------------------+-----
Ice Magic      | 4 5 6 7 8 10 | 10.0
Spellcasting   | 3 4 5 7 8 9 10 11 12 | 12.2
Conjurations   | 1 2 3 5 6 8 9 11 12 | 12.0
Air Magic      | 2 6 9 10 | 10.0
Fighting       | 5 6 |  6.2
Fire Magic     | 7 8 |  8.1
Earth Magic    | 9 |  9.4
Dodging        | |  1.7
Stealth        | |  1.7

Action                     |  1- 3 |  4- 6 |  7- 9 | 10-12 | 13-15 || total
---------------------------+-------+-------+-------+-------+-------++-------
  Melee: Short sword       |     8 |       |       |       |       ||     8
         Dagger            |    47 |    96 |   160 |    15 |       ||   318
         Kick              |     5 |     7 |       |       |     4 ||    16
         Staff             |       |       |    40 |    14 |    11 ||    65
         Punch             |       |       |     1 |       |       ||     1
   Cast: Freeze            |    25 |    45 |    38 |   258 |   144 ||   510
         Frozen Ramparts   |       |     5 |    53 |    82 |    52 ||   192
         Ozocubu's Armour  |       |     2 |    16 |    30 |    32 ||    80
         Shock             |       |       |       |    19 |    16 ||    35
         Hailstorm         |       |       |       |    14 |     1 ||    15
         Dazzling Flash    |       |       |       |     1 |       ||     1
         Airstrike         |       |       |       |     4 |    18 ||    22
         Freezing Cloud    |       |       |       |       |    71 ||    71
         Starburst         |       |       |       |       |    23 ||    23
    Use: Potion            |       |     1 |       |     2 |     7 ||    10
         Scroll            |       |       |    11 |    19 |     9 ||    39
   Stab: Sleeping          |     4 |     6 |     2 |     1 |     2 ||    15
 Armour: Robe              |    28 |    75 |   223 |    51 |       ||   377
         Steam dragon scal |       |       |       |   367 |   268 ||   635
  Dodge: Dodged            |    26 |    70 |   171 |   250 |   146 ||   663

Table legend: (Time is in decaauts)
 A = Elapsed time spent in this place.
 B = Non-inter-level travel time spent in this place.
 C = Inter-level travel time spent in this place.
 D = Time resting spent in this place.
 E = Time spent auto-exploring this place.
 F = Levels seen in this place.
 G = Mean time per level.
                   A        B        C        D        E       F      G
               +--------+--------+--------+--------+--------+-----+--------+
         Total |  26340 |  24850 |   1490 |   9603 |  10375 |  21 | 1254.3 |
       Dungeon |  13468 |  12559 |    909 |   3868 |   6129 |  12 | 1122.3 |
        Temple |     31 |     27 |      4 |      0 |      0 |   1 |   31.0 |
          Lair |   9823 |   9246 |    577 |   4181 |   3522 |   5 | 1964.6 |
         Sewer |   1196 |   1196 |      0 |    396 |    535 |   1 | 1196.0 |
       Volcano |    782 |    782 |      0 |    528 |     52 |   1 |  782.0 |
      Gauntlet |   1037 |   1037 |      0 |    630 |    137 |   1 | 1037.0 |
               +--------+--------+--------+--------+--------+-----+--------+

Top non-repeatable levels by time:
  Lair:5: 2773 daAuts
  Lair:1: 2400 daAuts
     D:6: 2035 daAuts
  Lair:2: 1870 daAuts
    D:10: 1621 daAuts
  Lair:3: 1405 daAuts
  Lair:4: 1373 daAuts
     D:3: 1306 daAuts
    D:11: 1272 daAuts
   Sewer: 1196 daAuts
     D:9: 1138 daAuts
     D:2: 1119 daAuts
Gauntlet: 1037 daAuts
     D:1: 980 daAuts
     D:7: 967 daAuts
